 Dungeon Crawl Stone Soup version 0.21.1-1-g345015fe64 (webtiles) character file.

969 Redear the Grappler (level 8, 0/39 HPs)
             Began as a Vine Stalker Fighter on Mar 9, 2018.
             Was an Initiate of Ashenzari.
             Killed from afar by an electric eel (12 damage)
             ... with a bolt of electricity
             ... on level 5 of the Dungeon.
             The game lasted 00:33:04 (5248 turns).

Redear the Grappler (Vine Stalker Fighter)          Turns: 5248, Time: 00:33:04

Health: 0/39       AC:  8    Str: 20    XL:     8   Next: 16%
Magic:  0/9        EV:  5    Int:  8    God:    Ashenzari [......]
Gold:   237        SH:  9    Dex: 15    Spells: 7/7 levels left

rFire    + . .     SeeInvis .     - Unarmed
rCold    x . .     Gourm    .   b - +0 shield
rNeg     . . .     Faith    .   A - +0 chain mail (curse)
rPois    .         Spirit   +   (no helmet)
rElec    .         Reflect  .   (no cloak)
rCorr    .         Harm     .   (no gloves)
MR       +....                  (no boots)
Stlth    ..........             (no amulet)
HPRegen  0.53/turn              e - ring of fire
MPRegen  0.11/turn              i - ring of loudness (curse)

@: no status effects
A: fangs 3, regeneration 1, magic shield, antimagic bite, no potion heal 3, rot
immunity
a: Curse Item, Renounce Religion


You were on level 5 of the Dungeon.
You worshipped Ashenzari.
Ashenzari was noncommittal.
You were not hungry.

You visited 2 branches of the dungeon, and saw 6 of its levels.

You collected 237 gold pieces.

Inventory:

Hand Weapons
 k - a +3 mace
 n - a +0 vampiric whip
 v - a +0 vampiric spear
 D - a +0 trident
Armour
 a - a +3 scale mail
 b - a +0 shield (worn)
 y - a +0 large shield
 A - a cursed +0 chain mail (worn)
 B - a +0 leather armour
 C - a +0 leather armour
Jewellery
 e - a ring of fire (left hand)
 i - a cursed ring of loudness (right hand)
Wands
 q - a wand of flame (27)
 s - a wand of random effects (36)
Scrolls
 f - a scroll of blinking {unknown}
 h - a scroll of immolation {unknown}
 j - 2 scrolls of remove curse
 l - 5 scrolls of identify {unknown}
 m - 2 scrolls of fog {unknown}
 o - 3 scrolls of fear {unknown}
 p - a scroll of magic mapping {unknown}
 u - 2 scrolls of amnesia {unknown}
 x - a scroll of enchant weapon {unknown}
Potions
 c - 3 potions of might
 g - a potion of invisibility
 r - 4 potions of curing {unknown}
 t - a potion of haste {unknown}
 w - 3 potions of heal wounds {unknown}
 z - a potion of mutation {unknown}
 F - a potion of degeneration {unknown}
 G - a potion of berserk rage {unknown}
Comestibles
 d - 5 rations
 E - 2 chunks of flesh


   Skills:
 - Level 2.8 Fighting
 - Level 2.5 Armour
 - Level 3.1 Shields
 + Level 9.1 Unarmed Combat


You had 7 spell levels left.
You didn't know any spells.

Dungeon Overview and Level Annotations

Branches:
Dungeon (5/15)             Temple (1/1) D:4

Altars:
Ashenzari
Cheibriados
Elyvilon
Fedhas
Hepliaklqana
Kikubaaqudgha
Makhleb
Nemelex Xobeh
Okawaru
Qazlal
Trog
Uskayaw
Vehumet
Xom
Yredelemnul
Zin
The Shining One


Innate Abilities, Weirdness & Mutations

You have razor-sharp teeth.
Your natural rate of healing is unusually fast.
When hurt, damage is shared between your health and your magic reserves.
Your bite disrupts and absorbs the magic of your enemies.
Potions cannot restore your health.
You are immune to rotting.


Message History

Moving in this stuff is going to be slow.
You enter the shallow water.
Moving in this stuff is going to be slow.
You open the door.
The electric eel shoots out a bolt of lightning at you!
The bolt of electricity hits you!
There is an open door here.
The electric eel shoots out a bolt of lightning at you!
The bolt of electricity hits the plant. x2; The bolt of electricity hits you!
The electric eel shoots out a bolt of lightning at you!
The bolt of electricity hits the plant. x2; The bolt of electricity hits you!
The electric eel shoots out a bolt of lightning at you!
The bolt of electricity hits the plant. x2; The bolt of electricity hits you!
* * * LOW HITPOINT WARNING * * *
There is an open door here.
The electric eel shoots out a bolt of lightning at you!
The bolt of electricity hits the electric eel.
The electric eel completely resists.
The bolt of electricity hits the plant. x2
The bolt of electricity hits you!
You die...

####.######.####.................
#...####### .##....######.##..#
##'##≈.≈P. ..#....# #.##..#
#.#;≈[.≈. #.##...# #.##...
#.#;)$P.. #.#...)######.##.#.
#.#;≈$.≈. #≈##..........##...
#≈##≈.≈P. ≈≈#...##........#.
##≈##########≈##<.........>.#.
##≈##≈)≈≈..#@.#####.....####.
#.#≈;;PP..'#.# ##...## #.
#.#≈.).....#.# ##.#### #.
#.#≈;..P...#≈# #....# #.
#.##≈).P..##≈# #.##.###.
##.########.########........
##≈≈≈≈....##........##'##..
###########..###..## .≈##. ##..##
.≈≈#


You could see 3 electric eels.

Vanquished Creatures
  An ogre (D:4)
  A centaur (D:2)
  A crimson imp (D:5)
  A hound (D:4)
  4 orc priests
  2 gnoll shamans
  2 iguanas (D:5)
  7 orc wizards
  A worker ant (D:4)
  The ghost of Redear the Shield-Bearer, a weakling FoFi (D:3)
  A worker ant zombie (D:5)
  8 gnolls
  9 adders
  A worm (D:3)
  4 dart slugs
  3 leopard geckos
  9 orcs
  2 ball pythons (D:1)
  4 giant cockroaches
  6 goblins
  9 hobgoblins
  22 jackals
  5 kobolds
  A quokka (D:4)
  6 bats
  7 frilled lizards
  A leopard gecko skeleton (D:4)
  8 rats
127 creatures vanquished.

Notes
Turn   | Place    | Note
-------+----------+-------------------------------------------
     0 | D:1      | Redear the Vine Stalker Fighter began the quest for the Orb.
     0 | D:1      | Reached XP level 1. HP: 11/11 MP: 2/2
   112 | D:1      | Reached XP level 2. HP: 9/16 MP: 3/3
  1324 | D:1      | Reached XP level 3. HP: 10/19 MP: 4/4
  1574 | D:2      | Noticed a centaur
  1588 | D:2      | Killed a centaur
  1588 | D:2      | Reached skill level 4 in Unarmed Combat
  1588 | D:2      | Gained mutation: Your natural rate of healing is unusually fast. [Vine Stalker growth]
  1588 | D:2      | Reached XP level 4. HP: 12/23 MP: 2/5
  1638 | D:2      | Reached XP level 5. HP: 28/28 MP: 4/6
  1700 | D:2      | Found an iron altar of Okawaru.
  1976 | D:2      | Reached skill level 5 in Unarmed Combat
  2061 | D:2      | Found a faded altar of an unknown god.
  2775 | D:3      | Reached XP level 6. HP: 31/32 MP: 7/7
  2794 | D:3      | Found a white marble altar of Elyvilon.
  3126 | D:3      | Reached skill level 6 in Unarmed Combat
  3341 | D:3      | Noticed Redear's ghost (weakling FoFi)
  3361 | D:3      | Killed Redear's ghost
  3420 | D:3      | Found a glowing golden altar of the Shining One.
  3541 | D:4      | Reached XP level 7. HP: 35/35 MP: 8/8
  3734 | D:4      | Reached skill level 7 in Unarmed Combat
  3908 | D:4      | Reached skill level 8 in Unarmed Combat
  4236 | D:4      | Found a staircase to the Ecumenical Temple.
  4242 | Temple   | Entered the Ecumenical Temple
  4310 | Temple   | Became a worshipper of Ashenzari the Shackled
  4702 | D:5      | Entered Level 5 of the Dungeon
  4929 | D:5      | Gained mutation: You have razor-sharp teeth. [Vine Stalker growth]
  4929 | D:5      | Reached XP level 8. HP: 34/39 MP: 7/9
  4981 | D:5      | Found a snail-covered altar of Cheibriados.
  5101 | D:5      | Reached skill level 9 in Unarmed Combat
  5142 | D:5      | Found a shimmering altar of Xom.
  5142 | D:5      | Found a burning altar of Makhleb.
  5248 | D:5      | Killed from afar by an electric eel

Skill      XL: |  1  2  3  4  5  6  7  8 |
---------------+-------------------------+-----
Shields        | 3 |  3.1
Unarmed Combat | 4 5 6 8 9 |  9.1
Fighting       | |  2.8
Armour         | |  2.5

Action                   |  1- 3 |  4- 6 |  7- 9 || total
-------------------------+-------+-------+-------++-------
Melee: Unarmed           |   107 |   323 |   156 ||   586
       Bite              |    23 |    84 |    49 ||   156
Invok: Curse Item        |       |       |     1 ||     1
  Use: Scroll            |     5 |       |       ||     5
  Eat: Chunk             |     2 |     7 |       ||     9
       Ration            |       |       |     2 ||     2
Armor: Scale mail        |    75 |   131 |    48 ||   254
       Chain mail        |       |       |    19 ||    19
Dodge: Dodged            |    67 |    74 |    30 ||   171
Block: Shield            |    91 |   160 |    66 ||   317
